 Dungeon Crawl Stone Soup version 0.30.1 (webtiles) character file.

Game seed: 16884701567043522702

301700 AIAndy the Crack Shot (level 20, -1/172 HPs)
             Began as a Barachi Hunter on July 4, 2023.
             Was the Champion of Cheibriados.
             Shot with an arrow by a deep elf master archer (16 damage)
             ... on level 3 of the Elven Halls.
             The game lasted 03:26:13 (30049 turns).

AIAndy the Crack Shot (Barachi Hunter)             Turns: 30049, Time: 03:26:14

Health: -1/172     AC: 33    Str: 30    XL:     20   Next: 59%
Magic:  11/11      EV: 37    Int: 28    God:    Cheibriados [******]
Gold:   1533       SH:  0    Dex: 36    Spells: 37/37 levels left

rFire   + . .        Y - +1 arbalest of Freezing Dismemberment {antimagic, rElec rC+ Will-}
rCold   + + .        (shield currently unavailable)
rNeg    + . .        T - +6 chain mail of the Shore {Regen+ Int+2}
rPois   .            m - +1 helmet
rElec   +            v - +2 cloak of the Spheres {Harm rC+ rN+}
rCorr   .            I - +1 pair of gloves
SInv    +            w - +2 pair of boots
Will    .....        E - amulet "Uteth" {rF+ Regen+ Stlth+}
Stlth   +            K - +5 ring of evasion
HPRegen 0.00/turn    R - ring of see invisible
MPRegen 0.12/turn

%: harm (+30% outgoing, +20% incoming)
@: sick, studying 3 skills, unable to drink, very slow
A: amphibious, slowness 1, strong legs 2, +LOS, inability to drink after injury
1
}: 3/15 runes: decaying, serpentine, abyssal
a: Hop, Renounce Religion, Bend Time, Temporal Distortion, Slouch, Step From
Time


You were on level 3 of the Elven Halls.
You worshipped Cheibriados.
Cheibriados was exalted by your worship.
You visited 7 branches of the dungeon, and saw 34 of its levels.
You visited the Abyss 2 times.
You also visited: Trove and Ossuary.

You collected 3096 gold pieces.
You spent 1563 gold pieces at shops.

Inventory:

Hand Weapons
 S - a +2 longbow of flaming
 Y - the +1 arbalest of Freezing Dismemberment (weapon) {antimagic, rElec rC+ Will-}
   (You acquired it on level 11 of the Dungeon)

   rC:        It protects you from cold.
   rElec:     It insulates you from electricity.
   Will:      It decreases your willpower.
Missiles
 o - 5 throwing nets
Armour
 m - a +1 helmet (worn)
 v - the +2 cloak of the Spheres (worn) {Harm rC+ rN+}
   (You found it on level 12 of the Dungeon)

   rC:        It protects you from cold.
   rN:        It protects you from negative energy.
   Harm:      It increases damage dealt and taken.
 w - a +2 pair of boots (worn)
 I - a +1 pair of gloves (worn)
 T - the +6 chain mail of the Shore (worn) {Regen+ Int+2}
   (You found it on level 9 of the Dungeon)

   Int:       It affects your intelligence (+2).
   Regen:     It increases your rate of health regeneration.
Jewellery
 a - an amulet of reflection
 i - an amulet of the acrobat
 k - a ring of flight
 B - a ring of resist corrosion
 E - the amulet "Uteth" (around neck) {rF+ Regen+ Stlth+}
   (You bought it in a shop on level 2 of the Orcish Mines)

   [amulet of regeneration]

   rF:        It protects you from fire.
   Regen:     It increases your rate of health regeneration.
   Stlth:     It makes you more stealthy.
 F - a ring of positive energy
 H - a +5 ring of evasion
 K - a +5 ring of evasion (left hand)
 O - a ring of protection from fire
 R - a ring of see invisible (right hand)
 U - a ring of protection from cold
Wands
 p - a wand of polymorph (8)
 y - a wand of acid (8)
 A - a wand of charming (41)
 G - a wand of flame (31)
 M - a wand of digging (18)
 P - a wand of mindburst (39)
 Q - a wand of roots (19)
Scrolls
 b - 7 scrolls of immolation
 d - 11 scrolls of identify
 e - 11 scrolls of teleportation
 l - 10 scrolls of poison
 s - 2 scrolls of brand weapon
 u - 5 scrolls of silence
 x - 6 scrolls of fog
 C - 2 scrolls of summoning
 D - 6 scrolls of fear
 L - 8 scrolls of enchant armour
 V - 5 scrolls of blinking
 W - 2 scrolls of magic mapping
 X - 2 scrolls of enchant weapon
Potions
 c - 2 potions of magic
 g - 6 potions of heal wounds
 j - 4 potions of resistance
 n - 3 potions of berserk rage
 q - 5 potions of might
 r - 4 potions of lignification
 t - 15 potions of curing
 z - 10 potions of mutation
 N - 8 potions of flight
 Z - 3 potions of ambrosia


   Skills:
 + Level 18.4 Fighting
 + Level 21.1 Ranged Weapons
 + Level 16.7 Armour
 + Level 19.3 Dodging
 - Level 0.8 Stealth
 + Level 9.4 Spellcasting
 + Level 14.8 Invocations
 - Level 14.5 Evocations


You had 37 spell levels left.
You didn't know any spells.
Your spell library contained the following spells:

 Spells                   Type           Power      Damage    Failure   Level
 Beastly Appendage        Tmut           26%        N/A       11%         1
 Magic Dart               Conj           52%        1d5       11%         1
 Necrotise                Necr           52%        1d6       11%         1
 Summon Small Mammal      Summ           52%        N/A       11%         1
 Blink                    Tloc           26%        N/A       17%         2
 Call Imp                 Summ           26%        N/A       17%         2
 Ensorcelled Hibernation  Hex/Ice        26%        N/A       17%         2
 Lesser Beckoning         Tloc           26%        N/A       17%         2
 Passwall                 Tmut/Erth      10%        N/A       17%         2
 Call Canine Familiar     Summ           13%        N/A       32%         3
 Dazzling Flash           Conj/Hex       26%        N/A       32%         3
 Frozen Ramparts          Ice            26%        1d4       32%         3
 Gell's Gravitas          Tloc           13%        N/A       32%         3
 Ignite Poison            Fire/Tmut/Pois 13%        N/A       32%         3
 Inner Flame              Hex/Fire       13%        N/A       32%         3
 Mephitic Cloud           Conj/Pois/Air  13%        N/A       32%         3
 Stone Arrow              Conj/Erth      26%        3d8       32%         3
 Summon Guardian Golem    Hex/Summ       13%        N/A       32%         3
 Swiftness                Air            13%        N/A       32%         3
 Teleport Other           Tloc           13%        N/A       32%         3
 Volatile Blastmotes      Fire/Tloc      26%        2d12      32%         3
 Animate Armour           Summ/Erth      26%        N/A       73%         4
 Ice Form                 Ice/Tmut       13%        N/A       73%         4
 Leda's Liquefaction      Hex/Erth       6%         N/A       73%         4
 Manifold Assault         Tloc           13%        N/A       73%         4
 Passage of Golubria      Tloc           13%        N/A       73%         4
 Petrify                  Tmut/Erth      13%        N/A       73%         4
 Summon Ice Beast         Ice/Summ       13%        N/A       73%         4
 Agony                    Necr           13%        N/A       97%         5
 Blade Hands              Tmut           6%         N/A       97%         5
 Borgnjor's Vile Clutch   Necr/Erth      6%         N/A       97%         5
 Freezing Cloud           Conj/Ice/Air   6%         6-21      97%         5
 Iskenderun's Battlesphe  Conj           13%        2d7       97%         5
 Lee's Rapid Deconstruct  Erth           6%         3d6*      97%         5
 Silence                  Hex/Air        6%         N/A       97%         5
 Iron Shot                Conj/Erth      6%         9d2       100%        6
 Plasma Beam              Fire/Air       6%         2x1d18    100%        6
 Statue Form              Tmut/Erth      8%         N/A       100%        6
 Spellforged Servitor     Conj/Summ      6%         N/A       100%        7
 Storm Form               Tmut/Air       6%         N/A       100%        7
 Lehudib's Crystal Spear  Conj/Erth      6%         10d3      100%        8
 Necromutation            Tmut/Necr      6%         N/A       100%        8
 Shatter                  Erth           6%         3d9*      100%        9


Dungeon Overview and Level Annotations

Branches:
Dungeon (15/15)            Temple (1/1) D:4            Lair (5/5) D:9
  Swamp (4/4) Lair:3        Snake (4/4) Lair:3        Slime (0/5) Lair:4
    Orc (2/2) D:11            Elf (3/3) Orc:2        Vaults (0/5) D:14
 Depths (0/4) D:15        Ossuary (visited)

Altars:
Ashenzari
Cheibriados
Dithmenos
Elyvilon
Fedhas
Gozag
Hepliaklqana
Kikubaaqudgha
Makhleb
Nemelex Xobeh
Okawaru
Qazlal
Ru
Sif Muna
Trog
Uskayaw
Vehumet
Wu Jian
Xom
Yredelemnul
Zin
The Shining One
Jiyva

Shops:
D:4 ?   D:10 (   D:12 *   Orc:1 ?   Orc:2 =[!**   Snake:3 *

Annotations:
D:5 5 runed translucent doors
D:13 1 runed translucent door, Kiokkeho's ghost, journeyman TrMo
Lair:4 1 runed translucent door
Swamp:3 Roxanne


Innate Abilities, Weirdness & Mutations

You are amphibious.
You cover ground slowly.
You can hop long distances.
You have an extended range of vision and can be seen from far away.
You occasionally lose the ability to drink potions when taking damage.


Message History

Press: ? - help, Q - select action, (/) - cycle Shift-Dir - straight line, f/p - deep elf master archer
Aim: a deep elf master archer, wielding a +0 longbow and wearing a +0 leather armour (almost dead, 69% to hit)
You shoot a bolt.
The bolt misses the deep elf master archer.
The deep elf master archer shoots an arrow.
The arrow hits you!!
You feel threatened and lose the ability to drink potions!
The deep elf sorcerer wildly gestures.
You feel disoriented.
The deep elf master archer shoots an arrow.
The arrow hits you!
* * * LOW HITPOINT WARNING * * *
As you read the scroll of fog, it crumbles to dust.
The scroll dissolves into smoke.
The deep elf master archer shoots an arrow.
The arrow misses you.
The deep elf master archer shoots an arrow.
The arrow closely misses you.
The deep elf master archer shoots an arrow.
The arrow hits you!!
* * * LOW HITPOINT WARNING * * *
The deep elf pyromancer casts a spell.
You hear a shout!
You cannot drink potions in your current state!
Hop to where?
Press: ? - help, Dir - move target, p - deep elf master archer You can't see that place. [Stash: a +0 leather armour (...12)] [the floor.]
Okay, then.
Activating: Slouch (0% risk of failure)
Press: ? - help, Dir - look around, f - activate
Okay, then.
Unknown command.
You don't know any spells.
Unknown command.
Okay, then.
The deep elf master archer shoots an arrow.
The arrow hits you!
You die...

..## .# e..##.. ....)
..?e #§§# #§§# #§§#
#ee# #@§# #§§#
################§§####
.##.........##.#[....#
.###......#.#.#[÷)...#
..........)).))[.[...#
.##.#######.###......##
...# ##..)##.......##
...## ##.#.#.###..(.#.#


You could see a deep elf master archer and a deep elf pyromancer.

Vanquished Creatures
  Bai Suzhen (Snake:4)
  Vashnia (Snake:2)
  A bone dragon (Abyss:3)
  Jorgrun (Swamp:3)
  Zenata (Elf:2)
  A tentacled monstrosity (Swamp:4)
  A deep elf blademaster (Elf:3)
  Frances (D:13)
  4 thorn hunters (Swamp:4)
  A tentacled starspawn (Swamp:4)
  The ghost of Graphine the Unseen, an adept KoBr of Wu Jian (Snake:1)
  A shadow dragon (Abyss:3)
  Agnes (Snake:4)
  Gastronok (Lair:3)
  Donald (Snake:4)
  The ghost of engelados the Devastator, an adept DsCj of Vehumet (Swamp:4)
  A fire giant (D:15)
  3 fenstrider witches (Swamp:4)
  8 deep elf sorcerers
  7 nagarajas
  Aizul (Snake:3)
  2 deep elf elementalists (Elf:3)
  A cacodemon (Abyss:5)
  An orc warlord (Orc:2)
  The ghost of Ytheofip the Cleaver, a journeyman FoFi of Okawaru (D:14)
  5 deep elf demonologists (Elf:3)
  7 eleionomae
  Nessos (D:12)
  7 bunyips
  7 deep elf annihilators
  A deep elf death mage (Elf:3)
  A blizzard demon (Swamp:4)
  2 shambling mangroves (Swamp:4)
  2 deep elf high priests (Elf:3)
  Josephine (D:12)
  Fannar (Lair:3)
  14 hydras
  3 salamander tyrants (Snake:4)
  5 vault guards (D:14)
  2 spriggan air magi (Swamp:4)
  A ghost crab (Swamp:4)
  3 ogre magi
  3 centaur warriors
  3 boulder beetles
  4 death yaks (Lair:3)
  4 two-headed ogres
  15 anacondas
  6 alligators
  4 hell hogs (Abyss:3)
  27 dancing weapons
  4 shock serpents
  4 thrashing horrors
  13 naga warriors
  A tengu warrior (D:13)
  15 naga sharpshooters
  Urug (D:12)
  2 wretched stars (Abyss:3)
  Sonja (Lair:3)
  An orc high priest (Orc:2)
  2 soul eaters (Swamp:4)
  12 deep elf knights
  A skyshark (Lair:5)
  6 salamander mystics
  A sixfirhy (Swamp:4)
  A fire crab (shapeshifter) (D:15)
  6 spatial maelstroms (Abyss:5)
  5 skeletal warriors (D:14)
  6 spriggan druids
  3 goliath frogs
  6 swamp dragons
  4 wizards
  7 naga ritualists
  A spriggan simulacrum (Abyss:2)
  6 bog bodies
  Pikel (D:5)
  23 deep elf zephyrmancers
  8 orc knights
  3 deep elf archers (Elf:2)
  13 deep elf pyromancers
  8 orc sorcerers
  An oklob plant (Snake:1)
  2 ugly things (D:12)
  6 mana vipers
  8 cyclopes
  An iron dragon zombie (Abyss:5)
  2 manticores (D:12)
  37 salamanders
  A worldbinder (Abyss:5)
  A cyclops (shapeshifter) (D:14)
  23 black mambas
  2 water nymphs (Swamp:4)
  2 guardian serpents (Snake:3)
  15 naga magi
  29 elephants
  2 orange demons (Swamp:4)
  2 gargoyles (D:14)
  3 smoke demons
  22 cane toads
  Maggie (D:6)
  7 komodo dragons
  An efreet (Abyss:3)
  3 unseen horrors
  A hellion (Abyss:5)
  3 yaktaurs (D:13)
  A spectral mana viper (Snake:1)
  A tormentor (Abyss:5)
  A rime drake (Lair:4)
  4 ancient zymes
  2 freezing wraiths (D:15)
  2 polar bears
  13 tyrant leeches
  7 trolls
  A tarantella (shapeshifter) (Abyss:5)
  2 bloated husks
  A wind drake (shapeshifter) (D:15)
  2 hellwings (Swamp:4)
  9 hornets
  27 blink frogs
  8 saltlings (Orc:2)
  2 raiju (Abyss:3)
  11 dream sheep (Lair:3)
  A centaur simulacrum (D:15)
  4 ynoxinuls (Abyss:3)
  6 flying skulls (Abyss:4)
  2 water elementals
  A slime creature (Abyss:5)
  9 spriggans
  2 air elementals (Elf:2)
  2 shock serpent simulacra (Snake:1)
  5 wyverns
  A shadow (D:13)
  Eustachio (D:4)
  8 wraiths
  8 starcursed masses
  4 basilisks
  41 yaks
  3 fire elementals
  A chaos spawn (Swamp:4)
  A steam dragon (D:9)
  3 neqoxecs
  14 vampire mosquitoes
  5 wargs
  8 swamp worms
  Menkaure (D:4)
  15 spatial vortices (Abyss:5)
  38 nagas
  21 water moccasins
  A hell hound (Abyss:4)
  2 acid dragons
  Duvessa (D:7)
  2 spectral nagas (Snake:1)
  3 sky beasts
  2 black bears
  10 orc warriors
  7 ogres
  7 swamp drakes
  A black mamba simulacrum (Snake:1)
  8 wolves
  6 large abominations
  A lemure (D:5)
  18 centaurs
  A phantom (D:5)
  2 gnoll sergeants
  6 kobold brigands
  16 bullfrogs
  2 scorpions
  4 wights (D:6)
  Dowan (D:7)
  3 naga simulacra (Snake:1)
  6 killer bees (D:8)
  7 small abominations
  5 howler monkeys
  8 electric eels
  2 lava snakes (Snake:2)
  A salamander simulacrum (Snake:1)
  3 hounds
  17 orc priests
  A gnoll bouda (D:5)
  An iron imp (Abyss:2)
  5 iguanas
  Ijyb (D:5)
  A sleepcap (D:8)
  13 orc wizards
  A mummy (Ossuary)
  27 gnolls
  6 adders
  A shadow imp (D:7)
  2 white imps (D:5)
  6 ufetubi
  2 worms
  A dart slug (D:4)
  51 orcs
  2 spectral bats (Ossuary)
  6 ball pythons
  4 bat simulacra (Ossuary)
  5 endoplasms
  A giant cockroach (D:3)
  5 hobgoblins
  38 kobolds
  2 quokkas
  5 bats
  3 frilled lizards (D:3)
  12 gnoll zombies (Ossuary)
  6 goblins
  A goblin simulacrum (Ossuary)
  3 goblin zombies (Ossuary)
  2 hobgoblin zombies (Ossuary)
  2 kobold simulacra (Ossuary)
  8 kobold zombies (Ossuary)
  5 orc zombies (Ossuary)
  4 rats
  3 rat simulacra (Ossuary)
  A spectral goblin (Ossuary)
  4 spectral kobolds (Ossuary)
  A spectral rat (Ossuary)
  2 lurking horrors (Abyss:3)
1209 creatures vanquished.

Vanquished Creatures (others)
  A blizzard demon (Swamp:4)
  An ogre mage (Swamp:4)
  An alligator (Swamp:2)
  A salamander (Snake:3)
  2 will-o-the-wisps (Swamp:2)
  A bloated husk (Swamp:3)
  2 orcs (Orc:2)
  4 foxfires (Swamp:2)
  2 lurking horrors
  5 starspawn tentacles
20 creatures vanquished.

Grand Total: 1229 creatures vanquished

Notes
Turn   | Place    | Note
-------+----------+-------------------------------------------
     0 | D:1      | AIAndy the Barachi Hunter began the quest for the Orb.
     0 | D:1      | Reached XP level 1. HP: 17/17 MP: 1/1
    29 | D:1      | Reached XP level 2. HP: 23/23 MP: 2/2
   115 | D:1      | Reached XP level 3. HP: 28/28 MP: 3/3
   305 | D:1      | Reached skill level 5 in Ranged Weapons
   907 | D:1      | Reached XP level 4. HP: 15/34 MP: 4/4
  1417 | D:3      | Found a bloodstained altar of Trog.
  1510 | D:3      | Found a hazy altar of Hepliaklqana.
  1548 | D:3      | Reached skill level 6 in Ranged Weapons
  1797 | D:3      | Found a shimmering altar of Xom.
  1836 | D:3      | Found a blossoming altar of Fedhas.
  1894 | D:3      | Reached XP level 5. HP: 39/39 MP: 5/5
  2290 | D:4      | Identified a scroll of acquirement
  2290 | D:4      | Acquired the +1 shortbow of the Furious {freeze, rF+ Will-
                  | rCorr MP+9}
  2366 | D:4      | Noticed Eustachio
  2382 | D:4      | Noticed Menkaure
  2388 | D:4      | Killed Menkaure
  2389 | D:4      | Reached skill level 7 in Ranged Weapons
  2389 | D:4      | Reached XP level 6. HP: 36/46 MP: 6/6
  2454 | D:4      | Found a glowing golden altar of the Shining One.
  2454 | D:4      | Found a sparkling altar of Nemelex Xobeh.
  2509 | D:4      | Noticed a black bear
  2524 | D:4      | Killed a black bear
  2556 | D:4      | Found an iron altar of Okawaru.
  2608 | D:4      | Found a staircase to the Ecumenical Temple.
  2613 | D:4      | Reached skill level 8 in Ranged Weapons
  2629 | Temple   | Entered the Ecumenical Temple
  2677 | D:4      | Reached XP level 7. HP: 51/51 MP: 7/7
  2699 | D:4      | Found a sand-covered staircase.
  2709 | Ossuary  | Entered an ossuary
  3136 | D:4      | Found Riezaraa's Magic Scroll Emporium.
  3145 | D:4      | Bought a scroll of identify for 26 gold pieces
  3145 | D:4      | Bought a scroll of identify for 26 gold pieces
  3818 | D:4      | Killed Eustachio
  3819 | D:4      | Reached skill level 9 in Ranged Weapons
  3883 | D:5      | Entered Level 5 of the Dungeon
  4069 | D:5      | Found a shimmering blue altar of Sif Muna.
  4122 | D:5      | Found a runed translucent door.
  4122 | D:5      | Noticed a redback
  4128 | D:5      | Noticed Pikel
  4169 | D:5      | Reached XP level 8. HP: 57/57 MP: 7/8
  4247 | D:5      | Killed Pikel
  4248 | D:5      | Reached skill level 10 in Ranged Weapons
  4387 | D:5      | Reached skill level 11 in Ranged Weapons
  4457 | D:5      | Found a broken altar of Ashenzari.
  4637 | D:5      | Noticed Ijyb
  4644 | D:5      | Killed Ijyb
  4645 | D:5      | Reached XP level 9. HP: 58/62 MP: 9/9
  4669 | D:5      | Found a runed translucent door.
  4674 | D:5      | Found a runed translucent gate.
  4676 | D:5      | Found a runed translucent gate.
  4676 | D:5      | Found a runed translucent gate.
  4715 | D:5      | Found the +9 staff of Olgreb {rPois∞}
  5018 | D:5      | Reached skill level 12 in Ranged Weapons
  5300 | D:6      | Noticed Maggie
  5309 | D:6      | Killed Maggie
  5345 | D:6      | Reached skill level 13 in Ranged Weapons
  6044 | D:7      | Noticed Duvessa
  6045 | D:7      | Noticed Dowan
  6047 | D:7      | Reached skill level 14 in Ranged Weapons
  6055 | D:7      | Killed Dowan
  6057 | D:7      | Reached XP level 10. HP: 65/68 MP: 10/10
  6210 | D:7      | Found a snail-covered altar of Cheibriados.
  6228 | D:7      | Became a worshipper of Cheibriados the Contemplative
  6258 | D:7      | Killed Duvessa
  6533 | D:8      | Noticed a two-headed ogre
  6544 | D:8      | Killed a two-headed ogre
  6545 | D:8      | Reached skill level 15 in Ranged Weapons
  6695 | D:8      | Reached * piety under Cheibriados
  6898 | D:8      | Reached skill level 1 in Invocations
  7356 | D:9      | Noticed a two-headed ogre
  7367 | D:9      | Killed a two-headed ogre
  7386 | D:9      | Found a glowing silver altar of Zin.
  7428 | D:9      | Found a radiant altar of Vehumet.
  7452 | D:9      | Found a sacrificial altar of Ru.
  7757 | D:9      | Reached ** piety under Cheibriados
  7809 | D:9      | Reached XP level 11. HP: 33/78 MP: 13/13
  8052 | D:9      | Identified the +6 chain mail of the Shore {Regen+ Int+2}
  8213 | D:9      | Found a staircase to the Lair.
  8434 | D:10     | Entered Level 10 of the Dungeon
  8484 | D:10     | Reached skill level 5 in Fighting
  8615 | D:10     | Reached skill level 5 in Dodging
  8681 | D:10     | Found a portal to a secret trove of treasure.
  8686 | Trove    | Entered a treasure trove
  8697 | Trove    | Got Sif Muna's Monograph on Singed Hypothermia
  8748 | Trove    | Got Sif Muna's Exposition on the Mantle
  8757 | Trove    | Got Hokhliy's Tome of Moving Variation
  8881 | D:10     | Found an ancient bone altar of Kikubaaqudgha.
  8885 | D:10     | Found Doras's Weapon Shoppe.
  9560 | D:11     | Noticed a boulder beetle
  9588 | D:11     | Killed a boulder beetle
  9589 | D:11     | Reached skill level 5 in Invocations
  9685 | D:11     | Found a staircase to the Orcish Mines.
  9760 | D:11     | Noticed a two-headed ogre
  9770 | D:11     | Killed a two-headed ogre
  9856 | D:11     | Reached skill level 1 in Armour
 10161 | D:11     | Reached skill level 16 in Ranged Weapons
 10232 | D:11     | Acquired the +1 arbalest of Freezing Dismemberment
                  | {antimagic, rElec rC+ Will-}
 10278 | D:12     | Noticed Urug
 10283 | D:12     | Killed Urug
 10368 | D:12     | Noticed a purple ugly thing
 10385 | D:12     | Killed a purple ugly thing
 10432 | D:12     | Noticed Nessos
 10444 | D:12     | Noticed Josephine
 10562 | D:12     | Noticed a cyclops
 10571 | D:12     | Killed a cyclops
 10572 | D:12     | Reached XP level 12. HP: 61/91 MP: 5/16
 10703 | Lair:1   | Entered Level 1 of the Lair of Beasts
 10739 | D:9      | HP: 2/92 [elephant (13)]
 10874 | Lair:1   | Reached *** piety under Cheibriados
 11104 | Lair:1   | Reached skill level 5 in Armour
 11166 | Lair:1   | Reached skill level 10 in Dodging
 11810 | Lair:2   | Reached **** piety under Cheibriados
 12038 | Lair:2   | Noticed a six-headed hydra
 12043 | Lair:2   | Killed a six-headed hydra
 12044 | Lair:2   | Gained mutation: You can hop long distances. [Barachi
                  | growth]
 12044 | Lair:2   | Reached XP level 13. HP: 75/101 MP: 6/19
 12659 | Lair:3   | Found a staircase to the Snake Pit.
 12891 | Lair:3   | Reached ***** piety under Cheibriados
 13099 | Lair:3   | Noticed Fannar
 13111 | Lair:3   | Killed Fannar
 13127 | Lair:3   | Reached skill level 10 in Fighting
 13226 | Lair:3   | HP: 3/103 [death yak (8)]
 13253 | Lair:3   | Noticed Sonja
 13257 | Lair:3   | Killed Sonja
 13258 | Lair:3   | Reached skill level 17 in Ranged Weapons
 13316 | Lair:3   | Reached skill level 10 in Invocations
 13326 | Lair:3   | Reached skill level 1 in Evocations
 13474 | Lair:3   | Found a staircase to the Swamp.
 13731 | Lair:3   | Noticed Gastronok
 13744 | Lair:3   | Killed Gastronok
 14055 | Lair:4   | Got the Quarto of Xenomorphic Spectres
 14152 | Lair:4   | Reached skill level 5 in Evocations
 14157 | Lair:4   | Reached XP level 14. HP: 111/111 MP: 7/21
 14216 | Lair:4   | Found a runed translucent door.
 14218 | Lair:4   | Found a viscous altar of Jiyva.
 14227 | Lair:4   | Found a staircase to the Slime Pits.
 14227 | Lair:4   | Noticed an azure jelly
 14934 | Lair:5   | Entered Level 5 of the Lair of Beasts
 15419 | Lair:5   | Reached ****** piety under Cheibriados
 16260 | Orc:1    | Entered Level 1 of the Orcish Mines
 16286 | Orc:1    | Found Menwuigu's Magic Scroll Shop.
 16410 | Orc:1    | Reached skill level 18 in Ranged Weapons
 16586 | Orc:2    | Entered Level 2 of the Orcish Mines
 16588 | Orc:2    | Found a shimmering altar of Xom.
 16632 | Orc:2    | Reached skill level 15 in Dodging
 16666 | Orc:2    | Reached XP level 15. HP: 122/122 MP: 7/22
 16712 | Orc:2    | Found Yruybbext's Assorted Antiques.
 16718 | Orc:2    | Bought a murky sapphire potion for 29 gold pieces
 16731 | Orc:2    | Noticed an orc warlord
 16746 | Orc:2    | Killed an orc warlord
 16747 | Orc:2    | Reached skill level 10 in Armour
 16823 | Orc:2    | Found Vaevoi Ranku's Antique Armour Shoppe.
 16827 | Orc:2    | Found Gukemoci's Distillery.
 16984 | Orc:2    | Found a staircase to the Elven Halls.
 16994 | Orc:2    | Found a radiant altar of Vehumet.
 17108 | Orc:2    | Found Ynessur's Assorted Antiques.
 17118 | Orc:2    | Bought a pair of runed boots for 240 gold pieces
 17280 | Orc:2    | Found Izuwk's Jewellery Shoppe.
 17535 | Orc:2    | Bought the amulet "Uteth" {rF+ Regen+ Stlth+} for 702 gold
                  | pieces
 17545 | Orc:2    | Bought a +5 ring of evasion for 540 gold pieces
 17753 | Swamp:1  | Entered Level 1 of the Swamp
 18835 | Swamp:3  | Reached XP level 16. HP: 119/133 MP: 5/23
 18866 | Swamp:3  | Found the +12 pair of quick blades "Gyre" and "Gimble"
                  | {protect}
 18962 | Swamp:3  | Noticed Jorgrun
 18989 | Swamp:3  | Killed Jorgrun
 19116 | Swamp:3  | Noticed Roxanne
 19204 | Swamp:4  | Entered Level 4 of the Swamp
 19532 | Swamp:4  | Reached skill level 19 in Ranged Weapons
 19599 | Swamp:4  | Found a runed translucent door.
 19600 | Swamp:4  | Found a shimmering altar of Xom.
 19600 | Swamp:4  | Noticed engelados's ghost (adept DsCj)
 19635 | Swamp:4  | Killed engelados's ghost
 19658 | Swamp:4  | Noticed a thorn hunter
 19669 | Swamp:4  | Killed a thorn hunter
 19670 | Swamp:4  | Noticed a tentacled monstrosity
 19680 | Swamp:4  | Killed a tentacled monstrosity
 19686 | Swamp:4  | Noticed a thorn hunter
 19686 | Swamp:4  | Paralysed by something for 5 turns
 19712 | Swamp:4  | Killed a thorn hunter
 19713 | Swamp:4  | Reached skill level 10 in Evocations
 19794 | Swamp:4  | Noticed a thorn hunter
 19804 | Swamp:4  | Killed a thorn hunter
 19805 | Swamp:4  | Reached skill level 1 in Spellcasting
 19842 | Swamp:4  | Noticed a fenstrider witch
 19845 | Swamp:4  | Killed a fenstrider witch
 19852 | Swamp:4  | Noticed a fenstrider witch
 19856 | Swamp:4  | Paralysed by a fenstrider witch for 5 turns
 19935 | Swamp:4  | Noticed a thorn hunter
 19942 | Swamp:4  | Reached skill level 15 in Fighting
 19962 | Swamp:4  | Killed a thorn hunter
 19989 | Abyss:2  | Cast into level 2 of the Abyss (a wizard)
 20160 | Abyss:3  | Found a corrupted altar of Lugonu.
 20293 | Abyss:3  | Found a corrupted altar of Lugonu.
 20342 | Abyss:3  | Found a corrupted altar of Lugonu.
 20342 | Abyss:3  | Found a corrupted altar of Lugonu.
 20395 | Abyss:3  | Noticed a bone dragon
 20407 | Abyss:3  | Noticed a shadow dragon
 20411 | Abyss:3  | Killed a bone dragon
 20412 | Abyss:3  | Reached XP level 17. HP: 87/138 MP: 8/25
 20511 | Abyss:3  | Noticed a tentacled starspawn
 20518 | Swamp:4  | Escaped the Abyss
 20529 | Swamp:4  | Killed a tentacled starspawn
 20672 | Swamp:4  | Got a decaying rune of Zot
 21077 | Snake:1  | Entered Level 1 of the Snake Pit
 21133 | Snake:1  | Found a sacrificial altar of Ru.
 21313 | Snake:1  | Found a runed translucent gate.
 21314 | Snake:1  | Found a runed translucent gate.
 21315 | Snake:1  | Found a runed translucent gate.
 21319 | Snake:1  | Noticed Graphine's ghost (adept KoBr)
 21372 | Snake:1  | Killed Graphine's ghost
 22518 | Snake:2  | Reached skill level 5 in Spellcasting
 22646 | Snake:2  | Noticed Vashnia
 22670 | Snake:2  | Killed Vashnia
 22674 | Snake:2  | Reached XP level 18. HP: 43/151 MP: 1/27
 23048 | Snake:3  | Found Eguicuam's Gadget Gallery.
 23336 | Snake:3  | Noticed Aizul
 23350 | Snake:3  | Killed Aizul
 23704 | Snake:3  | Reached skill level 20 in Ranged Weapons
 23926 | Snake:4  | Entered Level 4 of the Snake Pit
 23975 | Snake:4  | Noticed Donald
 23984 | Snake:4  | Killed Donald
 24245 | Snake:4  | Noticed Agnes
 24258 | Snake:4  | Killed Agnes
 24634 | Snake:4  | Reached skill level 15 in Armour
 24756 | Snake:4  | Got a serpentine rune of Zot
 24760 | Snake:4  | Noticed Bai Suzhen
 24778 | Snake:4  | Killed Bai Suzhen
 25160 | D:12     | Killed Nessos
 25161 | D:12     | Reached XP level 19. HP: 148/161 MP: 9/28
 25207 | D:12     | Identified the +2 cloak of the Spheres {Harm rC+ rN+}
 25480 | D:12     | Killed Josephine
 25517 | D:12     | Found Dadyroe's General Store.
 25710 | D:13     | Noticed Frances
 25723 | D:13     | Killed Frances
 25767 | D:13     | Noticed Kiokkeho's ghost (journeyman TrMo)
 25832 | D:13     | Found a runed translucent door.
 26297 | D:13     | Acquired a manual of Invocations
 26406 | D:14     | Paralysed by an ogre mage for 2 turns
 26589 | D:14     | Found a runed translucent door.
 26589 | D:14     | Noticed Ytheofip's ghost (journeyman FoFi)
 26599 | D:14     | Killed Ytheofip's ghost
 27056 | D:14     | Found a gate to the Vaults.
 27102 | D:15     | Entered Level 15 of the Dungeon
 27360 | D:15     | Found a staircase to the Depths.
 27718 | Elf:1    | Entered Level 1 of the Elven Halls
 28538 | Elf:2    | Found a runed translucent gate.
 28538 | Elf:2    | Found a runed translucent gate.
 28538 | Elf:2    | Found a runed translucent gate.
 28559 | Elf:2    | Paralysed by an air elemental for 1 turns
 29232 | Elf:2    | Noticed Zenata
 29240 | Elf:2    | Killed Zenata
 29241 | Elf:2    | Reached XP level 20. HP: 155/170 MP: 10/32
 29471 | Elf:3    | Entered Level 3 of the Elven Halls
 29655 | Elf:3    | Noticed a Brimstone Fiend
 29747 | Elf:3    | Reached skill level 21 in Ranged Weapons
 29757 | Abyss:4  | Cast into level 4 of the Abyss (a deep elf sorcerer)
 29758 | Abyss:4  | Found a corrupted altar of Lugonu.
 29957 | Abyss:5  | Gained mutation: You occasionally lose the ability to drink
                  | potions when taking damage. [a neqoxec]
 30007 | Abyss:5  | Got an abyssal rune of Zot
 30023 | Elf:3    | Escaped the Abyss
 30043 | Elf:3    | Identified the ring "Towugiv" {rF+ rN+ rCorr Str-4 Dex+2}
 30049 | Elf:3    | Shot with an arrow by a deep elf master archer

Illustrated notes

Levels and vault maps discovered:
D:1:      dpeg_arrival_erosion, layout_loops_ring, grunt_decor_clamped
D:2:      layout_rooms, minmay_heptomino_d4
D:3:      layout_loops_ring, mainiacjoe_overflow_catwalk,
          mainiacjoe_overflow_tiny_flanked, nicolae_hepliaklqana_hazy_memory,
          fedhas_altar_fruit_tree, st_stairs_14, minmay_between
D:4:      layout_loops_corners, gammafunk_temple_overflow_elements,
          kennysheep_okawaru_gauntlet, minmay_temple_entry_proselytizer,
          nicolae_ossuary_entry_ruins, serial_shops,
          nicolae_shop_advertising_works [nicolae_subvault_shop_adworks],
          minmay_misc_feat_tiny, uniq_eustachio, uniq_menkaure
D:5:      layout_loops_ring, lemuel_round_altar, lemuel_doored_altar,
          serial_demonic, serial_demonic_c, serial_demonic_g, serial_demonic_c,
          serial_demonic_g, minmay_guarded_unrand_staff_of_olgreb, uniq_pikel,
          uniq_ijyb
D:6:      layout_cave_pools, uniq_maggie
D:7:      layout_basic, mainiacjoe_overflow_brackets, minmay_misc_feat_columns,
          uniq_duvessa
D:8:      layout_loops_ring, nicolae_hexahallways
D:9:      layout_stronghold, mainiacjoe_overflow_cross_hatched,
          overflow_temple_1_default, mainiacjoe_overflow_small_starburst,
          erik_lair_orcish_takeover
D:10:     layout_basic, nicolae_overflow_crystal_walls, enter_trove_3,
          serial_shops, nicolae_shop_bloodbath_and_beyond, serial_bayou_lake_a
D:11:     layout_small_grid, david_orc_3, kennysheep_generic_room_8
D:12:     layout_basic, serial_shops, nicolae_shop_trees, uniq_urug,
          uniq_nessos, uniq_josephine
D:13:     layout_basic, hellmonk_ghost_happy_afterlife, uniq_frances
D:14:     layout_long_grid, grunt_vaults_entry_fortified, chequers_jeans,
          gammafunk_ghost_grave
D:15:     grunt_enter_depths_giant_problem, layout_long_grid,
          portal_ice_cave_entry_frozen_things
Temple:   nicolae_temple_ecumenical_triangle
Lair:1:   layout_cave_shapes, lemuel_old_faithful
Lair:2:   layout_layer_cave, grunt_megastairs_5
Lair:3:   layout_concentric_octagons, nicolae_swamp_entry_splash_gauntlet,
          guppyfry_snake_entry_garden, uniq_sonja, uniq_gastronok, uniq_fannar
Lair:4:   layout_cave_pods, slime_entry_2
Lair:5:   minmay_lair_end_frog_pond, layout_cave_pods, serial_bayou_pond_c
Swamp:1:  layout_basic_swamp, nicolae_swamp_ascending_descending
Swamp:2:  layout_falls_marsh, evilmike_swamp_ruin_house_1, swamp_pool5
Swamp:3:  layout_basic_swamp, evilmike_swamp_ruin_rubble_2, swamp_pool2,
          nicolae_swamp_stuck_in_the_mud, uniq_roxanne, uniq_jorgrun
Swamp:4:  nzn_swamp_witches_coven, layout_basic_swamp, ebering_ghost_xom,
          swamp_pool5, nicolae_swamp_nymph_family_reunion
Snake:1:  layout_basic, gammafunk_ghost_necromancy, lemuel_oklob_altar
Snake:2:  layout_rooms, nicolae_snake_salamander_zone, uniq_vashnia
Snake:3:  layout_cave_pods, nicolae_shop_gadgets, uniq_aizul
Snake:4:  snake_pit, layout_basic, serial_bayou_shore_b, uniq_agnes,
          uniq_bai_suzhen, uniq_donald
Orc:1:    layout_diamond_mine, serial_shops, shop, minmay_orc_temple_a
Orc:2:    hellmonk_orc_salted, layout_caves, basic_altar, serial_shops,
          nicolae_shop_peninsula, hangedman_feature_mirror
Elf:1:    eino_elf_arrival_shootout, layout_geoelf_octagon,
          hangedman_elf_represent, billiards_dpeg
Elf:2:    nicolae_elf_blades_splatter_lattice
          [nicolae_blade_entry_hurt_lockers], layout_onion_city, uniq_zenata
Elf:3:    minmay_elf_hall_spiked, layout_rooms, grunt_ministairs_8,
          minmay_shop_star

Skill      XL: |  1  2  3  4  5  6  7  8  9 10 11 12 13 14 15 16 17 18 19 20 |
---------------+-------------------------------------------------------------+-----
Ranged Weapons | 5 6 7 8 9 11 14 15 16 17 18 19 20 21 | 21.1
Fighting       | 4 7 9 10 12 14 15 16 17 18 | 18.4
Invocations    | 2 6 8 10 11 12 14 | 14.8
Dodging        | 4 8 10 13 15 16 17 18 19 | 19.3
Armour         | 2 6 8 9 11 12 14 15 16 | 16.7
Evocations     | 5 8 10 12 14 | 14.5
Spellcasting   | 3 5 6 8 9 |  9.4
Stealth        | |  0.8

Action                     |  1- 3 |  4- 6 |  7- 9 | 10-12 | 13-15 | 16-18 | 19-21 || total
---------------------------+-------+-------+-------+-------+-------+-------+-------++-------
  Melee: Unarmed           |       |       |     1 |       |       |       |       ||     1
         Arbalest          |       |       |       |       |       |     1 |     4 ||     5
   Fire: Shortbow          |    59 |   130 |   469 |   481 |       |       |       ||  1139
         Arbalest          |       |       |       |   280 |  1007 |  1392 |   757 ||  3436
 Invoke: Slouch            |       |       |       |       |     7 |    14 |     5 ||    26
         Bend Time         |       |       |       |       |     2 |     1 |       ||     3
Ability: Hop               |     2 |     2 |     3 |    15 |     6 |    13 |     3 ||    44
  Evoke: Wand              |       |       |     2 |    11 |     9 |    12 |       ||    34
    Use: Scroll            |       |    10 |     5 |     9 |    13 |     2 |     3 ||    42
         Potion            |       |       |       |     3 |     3 |     7 |     1 ||    14
 Armour: Leather armour    |     3 |     1 |       |       |       |       |       ||     4
         Ring mail         |       |    26 |    51 |       |       |       |       ||    77
         Scale mail        |       |       |    20 |       |       |       |       ||    20
         Steam dragon scal |       |       |     3 |    15 |       |       |       ||    18
         Chain mail        |       |       |       |   199 |   281 |   262 |   111 ||   853
  Dodge: Dodged            |     8 |    37 |   134 |   539 |  1413 |  1921 |   693 ||  4745
